 Dungeon Crawl Stone Soup version 0.22-a0-469-gf26638a (webtiles) character file.

455 emperorscorpion the Shield-Bearer (level 7, -2/54 HPs)
             Began as a Formicid Fighter on June 13, 2018.
             Was a Priest of Vehumet.
             Slain by Pikel
             ... wielding a +0 whip of freezing
              (6 damage)
             ... on level 6 of the Dungeon.
             The game lasted 00:09:01 (4706 turns).

emperorscorpion the Shield-Bearer (FoFi)            Turns: 4706, Time: 00:09:02

Health: -2/54      AC:  8    Str: 24 (26) XL:     7   Next: 26%
Magic:  8/8        EV:  9    Int: 12 (13) God:    Vehumet [***...]
Gold:   176        SH: 10    Dex: 10 (11) Spells: 3/8 levels left

rFire    . . .     SeeInvis +   a - +0 quarterstaff
rCold    . . .     Gourm    .   c - +0 shield
rNeg     . . .     Faith    .   r - +0 ring mail
rPois    .         Spirit   .   (helmet unavailable)
rElec    .         Reflect  .   t - +0 cloak
rCorr    .         Harm     .   (no gloves)
MR       .....                  u - +0 pair of boots
Stlth    ..........             (no amulet)
HPRegen  0.18/turn              (no ring)
MPRegen  0.11/turn              (no ring)

@: mighty, brilliant, flying
A: permanent stasis, dig shafts and tunnels, four strong arms, antennae 3
a: Dig, Shaft Self, Renounce Religion


You were on level 6 of the Dungeon.
You worshipped Vehumet.
Vehumet was most pleased with you.
You were hungry.

You visited 1 branch of the dungeon, and saw 6 of its levels.
You also visited: Sewer.

You collected 176 gold pieces.

Inventory:

Hand Weapons
 a - a +0 quarterstaff (weapon)
Missiles
 e - 143 stones (quivered)
 g - 32 sling bullets
 i - 2 tomahawks
 k - 7 poisoned needles
 o - 43 arrows
 p - 19 bolts
Armour
 b - a +1 scale mail
 c - a +0 shield (worn)
 r - a +0 ring mail (worn)
 t - a +0 cloak (worn)
 u - a +0 pair of boots (worn)
Scrolls
 j - 10 scrolls of identify
 m - 2 scrolls of enchant armour
 s - a scroll of remove curse
Potions
 d - a potion of might
 n - a potion of haste
 q - a potion of brilliance
 w - a potion of flight
 x - 2 potions of curing
 z - a potion of heal wounds
Comestibles
 f - 7 rations


   Skills:
 + Level 4.2 Fighting
 + Level 4.4 Staves
 + Level 4.3 Armour
 + Level 1.0 Dodging
 + Level 5.3 Shields
 + Level 1.2 Spellcasting
 + Level 1.0 Conjurations
 - Level 0.9 Air Magic


You had 3 spell levels left.
You knew the following spells:

 Your Spells              Type           Power        Failure   Level  Hunger
a - Shock                 Conj/Air       ##..         8%          1    ##.....
b - Iskenderun's Mystic   Conj           ##......     47%         4    #####..
Your spell library was empty.

Dungeon Overview and Level Annotations

Branches:
Dungeon (6/15)             Temple (0/1) D:4

Altars:
Ashenzari
Fedhas
Vehumet
Xom

Annotations:
D:6 Pikel


Innate Abilities, Weirdness & Mutations

You cannot be hasted, slowed, berserked, paralysed or teleported.
You can dig through walls and to a lower floor.
Your four strong arms can wield two-handed weapons with a shield.
You have a pair of large antennae on your head. (SInv)


Message History

* * * LOW HITPOINT WARNING * * *
Pikel freezes you.
* * * LOW HITPOINT WARNING * * *
Pikel hits you with a whip of freezing!
* * * LOW HITPOINT WARNING * * *
Pikel freezes you.
* * * LOW HITPOINT WARNING * * *
You hit Pikel but do no damage.
Pikel is almost dead.
You block Pikel's attack.
You barely miss Pikel.
Pikel is almost dead.
Pikel hits you but does no damage.
You barely miss Pikel.
Pikel is almost dead.
You block Pikel's attack.
You closely miss Pikel.
Pikel is almost dead.
Pikel hits you with a whip of freezing.
You die...

# #.###
#.#.##
##.<#.####
#....{p#@#
#.#...#K##
#.#.#.###
#...#..
#####.#.
..##. ###
#. #. ##


You could see Pikel.

Vanquished Creatures
  A big kobold (Sewer)
  An orc priest (D:5)
  Terence (D:3)
  An iguana (D:4)
  4 worker ants
  An orc wizard (D:3)
  A hound skeleton (D:5)
  4 gnolls (D:5)
  3 adders
  A river rat (Sewer)
  An adder skeleton (D:4)
  2 worms
  4 leopard geckos
  11 orcs
  6 bats
  2 giant cockroaches
  4 goblins
  3 hobgoblins
  10 jackals
  2 quokkas
  A ball python (D:3)
  7 frilled lizards
  11 kobolds
  10 rats
92 creatures vanquished.

Notes
Turn   | Place    | Note
-------+----------+-------------------------------------------
     0 | D:1      | emperorscorpion the Formicid Fighter began the quest for the Orb.
     0 | D:1      | Reached XP level 1. HP: 18/18 MP: 1/1
   293 | D:1      | Reached XP level 2. HP: 24/24 MP: 2/2
   705 | D:2      | Reached skill level 4 in Shields
   705 | D:2      | Reached XP level 3. HP: 26/30 MP: 3/3
   821 | D:2      | Found a faded altar of an unknown god.
   833 | D:2      | Became a worshipper of Vehumet
   833 | D:2      | Reached * piety under Vehumet
   833 | D:2      | Offered knowledge of Sandblast by Vehumet.
  1093 | D:2      | Reached XP level 4. HP: 33/37 MP: 4/4
  1585 | D:3      | Noticed Terence
  1605 | D:3      | Killed Terence
  1738 | D:3      | Reached ** piety under Vehumet
  1738 | D:3      | Reached XP level 5. HP: 41/42 MP: 5/5
  1781 | D:3      | Offered knowledge of Shock by Vehumet.
  1892 | D:3      | Found a blossoming altar of Fedhas.
  2118 | D:3      | Learned a level 1 spell: Shock
  2775 | D:3      | Offered knowledge of Dazzling Spray by Vehumet.
  2775 | D:3      | Reached XP level 6. HP: 14/48 MP: 6/6
  3115 | D:4      | Found a glowing drain.
  3129 | Sewer    | Entered a sewer
  3141 | Sewer    | Reached *** piety under Vehumet
  3204 | Sewer    | Reached skill level 1 in Spellcasting
  3222 | Sewer    | Reached skill level 5 in Shields
  3276 | Sewer    | Found a glowing silver altar of Zin.
  3668 | D:4      | Found a shattered altar of Ashenzari.
  3764 | D:4      | Found a staircase to the Ecumenical Temple.
  4143 | D:5      | Entered Level 5 of the Dungeon
  4166 | D:5      | Reached skill level 1 in Conjurations
  4166 | D:5      | Reached XP level 7. HP: 36/54 MP: 6/8
  4397 | D:5      | Reached skill level 1 in Dodging
  4404 | D:5      | Offered knowledge of Iskenderun's Mystic Blast by Vehumet.
  4589 | D:5      | Found a shimmering altar of Xom.
  4595 | D:5      | Learned a level 4 spell: Iskenderun's Mystic Blast
  4625 | D:5      | Noticed Pikel
  4706 | D:6      | Slain by Pikel

Vault maps used:
D:1:      onia_arrival_mini_spirals
D:2:      chequers_ecumenical_altar_simple_redux, first_ration,
          grunt_decor_mini_mirrors
D:3:      fedhas_altar_3, uniq_terence
D:4:      minmay_temple_entry_overgrown, cheibrodos_sewer_entry_bend,
          evilmike_ruin_ashenzari
D:5:      marbit_many_paths, nicolae_qazlal_style_of_elements, uniq_pikel,
          uniq_ijyb, uniq_grinder
D:6:      kennysheep_path_1, minmay_hollow_rounded_squares
Sewer:    sewer_kobolds

Skill      XL: |  1  2  3  4  5  6  7 |
---------------+----------------------+-----
Shields        | 4 5 |  5.3
Staves         | 3 4 |  4.4
Armour         | 4 |  4.3
Fighting       | 4 |  4.2
Spellcasting   | 1 |  1.2
Conjurations   | 1 |  1.0
Dodging        | 1 |  1.0
Air Magic      | |  0.9

Action                   |  1- 3 |  4- 6 |  7- 9 || total
-------------------------+-------+-------+-------++-------
Melee: Quarterstaff      |    60 |   242 |    59 ||   361
 Cast: Shock             |       |    17 |     8 ||    25
 Abil: Dig               |       |     4 |     7 ||    11
  Use: Scroll            |     1 |     6 |       ||     7
       Potion            |       |     4 |     6 ||    10
 Stab: Invisible         |       |     5 |       ||     5
  Eat: Chunk             |     1 |    10 |     3 ||    14
Armor: Scale mail        |    24 |    32 |       ||    56
       Ring mail         |       |    53 |    24 ||    77
Dodge: Dodged            |    25 |    92 |    30 ||   147
Block: Shield            |    30 |   113 |    32 ||   175

Table legend:
 A = Spawn XP
 B = Non-spawn XP
 C = Spawn XP percentage of total XP
 D = Spawn monster count
 E = Non-spawn monster count
 F = Spawn count percentage of total count
 G = Total turns spent on level
                    A         B        C        D         E        F      G
               +---------+---------+-------+---------+---------+-------+---------
         Total |       0 |     651 |   0.0 |       0 |      92 |   0.0 |  4706
               +---------+---------+-------+---------+---------+-------+---------
           D:1 |       0 |      17 |   0.0 |       0 |      11 |   0.0 |   697
           D:2 |       0 |      80 |   0.0 |       0 |      20 |   0.0 |   885
           D:3 |       0 |     137 |   0.0 |       0 |      28 |   0.0 |  1377
           D:4 |       0 |     138 |   0.0 |       0 |      10 |   0.0 |   994
           D:5 |       0 |     159 |   0.0 |       0 |      10 |   0.0 |   526
         Sewer |       0 |     120 |   0.0 |       0 |      13 |   0.0 |   190
               +---------+---------+-------+---------+---------+-------+---------
